AoeStats
← chusmanu1991

Arabia

508503369Analyzed
1v1 RM · 9d ago on Sep 22, 2026· 61m 44s· 2 players
Game mode
Random Map
Map size
Tiny (2 player)
Population
200
Speed
Normal
Resources
Standard
Victory
Conquest
Starting age
Dark Age
Ending age
Imperial Age
RankedLock teamsTeams togetherTeam positionsShared explorationLock speedFull tech treeHidden civsTurbo modeCheats
Victory
Defeat
🇪🇸 Britons · Spain
639
+16
🇸🇦 Turks · Saudi Arabia
641
-16
chusmanu1991
0:32 Loom
10:19 Feudal Age
11:24 Horse Collar
11:35 Man-at-Arms
13:13 Double-Bit Axe
20:04 Castle Age
20:52 Forging
21:13 Gold Mining
22:40 Stone Mining
24:11 Pikeman
25:15 Scale Mail Armor
25:05 Fletching
29:00 Padded Archer Armor
29:48 Bow Saw
31:05 Iron Casting
30:34 Squires
31:50 Bodkin Arrow
34:57 Ballistics
34:44 Arson
34:45 Gambesons
36:45 Long Swordsman
37:46 Leather Archer Armor
37:47 Chain Mail Armor
41:30 Wheelbarrow
41:24 Heavy Plow
44:38 Imperial Age
47:46 Chemistry
51:22 Yeomen
52:12 Elite Longbowman
54:20 Bracer
55:49 Ring Archer Armor
55:53 Plate Mail Armor
59:14 Hand Cart
59:40 Gold Shaft Mining
TenWheel509502
3:45 Loom
8:17 Loom
12:02 Feudal Age
12:46 Double-Bit Axe
20:15 Castle Age
18:25 Horse Collar
19:17 Bloodlines
20:36 Stone Mining
23:47 Heavy Plow
26:02 Bow Saw
38:54 Imperial Age
39:37 Scale Barding Armor
39:32 Scale Mail Armor
42:52 Two-Man Saw
41:45 Gold Mining
56:53 Chain Barding Armor
56:49 Chain Mail Armor
Connection lost

Rejoining the realm…

Still unreachable

The connection could not be restored.

Session expired

The server has moved on; the page needs a fresh start.